 Dungeon Crawl Stone Soup version 0.19.5 (webtiles) character file.

85338 Peloso the Fencer (level 15, -6/139 HPs)
             Began as a Minotaur Fighter on Apr 28, 2017.
             Was the Champion of Okawaru.
             Killed by divine providence
             ... invoked by an orc priest
              (9 damage)
             ... while paralysed
             ... on level 2 of the Orcish Mines.
             The game lasted 01:09:23 (20415 turns).

Peloso the Fencer (Minotaur Fighter)               Turns: 20415, Time: 01:09:23

Health: -6/139     AC: 24    Str: 28    XL:     15   Next: 37%
Magic:  14/14      EV:  2    Int: 15    God:    Okawaru [******]
Gold:   1892       SH:  0    Dex: 13    Spells: 0 memorised, 14 levels left

rFire  . . .     SeeInvis +     S - +4 demon blade "Umyim" {flame, *Rage rPois Str+4 Int+10}
rCold  . . .     Gourm    .     L - +1 plate armour
rNeg   . . .     Faith    .     W - +0 large shield
rPois  +         Spirit   .     q - +2 hat
rElec  .         Reflect  .     u - +2 cloak {rPois}
rCorr  +         Harm     .     (no gloves)
MR     +....     Rnd*Rage +     a - +0 pair of boots
Stlth  ..........               T - amulet "Ufadis" {Regen+ Slay+3}
                                t - ring of resist corrosion
                                d - ring of see invisible

@: paralysed, exhausted, slowed
A: retaliatory headbutt, horns 2
a: Heroism, Finesse, Renounce Religion


You were on level 2 of the Orcish Mines.
You worshipped Okawaru.
Okawaru was exalted by your worship.
You were not hungry.

You visited 4 branches of the dungeon, and saw 24 of its levels.
You visited the Abyss 2 times.
You also visited: Labyrinth.

You collected 1892 gold pieces.

Inventory:

Hand Weapons
 b - a +3 double sword of holy wrath
 K - the +5 falchion of Yredelemnul's Favour {slice, Int+3}
   (You found it on level 7 of the Dungeon)

   It inflicts extra damage upon your enemies.
   It affects your intelligence (+3).
 S - the +4 demon blade "Umyim" (weapon) {flame, *Rage rPois Str+4 Int+10}
   (Okawaru gifted it to you on level 10 of the Dungeon)

   It has been specially enchanted to burn those struck by it, causing extra
   injury to most foes and up to half again as much damage against particularly
   susceptible opponents.
   Big, fiery blades are also staple armaments of hydra-hunters.
   It affects your strength (+4).
   It affects your intelligence (+10).
   It protects you from poison.
   It may make you go berserk in combat.
Armour
 a - a +0 pair of boots (worn)
 q - a +2 hat (worn)
 u - a +2 cloak of poison resistance (worn)
 L - a +1 plate armour (worn)
 W - a +0 large shield (worn)
Jewellery
 d - a ring of see invisible (left hand)
 t - a ring of resist corrosion (right hand)
 T - the amulet "Ufadis" (around neck) {Regen+ Slay+3}
   (You found it on level 6 of the Lair of Beasts)

   [amulet of regeneration]

   It affects your accuracy and damage with ranged weapons and melee attacks
   (+3).
   It increases your rate of regeneration.
Wands
 G - a wand of teleportation (3/9)
 I - a wand of digging (20/24)
 R - a wand of disintegration (5/24)
Scrolls
 h - 8 scrolls of remove curse
 j - 17 scrolls of teleportation
 k - a scroll of immolation
 n - 3 scrolls of holy word {unknown}
 J - 2 scrolls of magic mapping
 O - 2 scrolls of recharging
 Q - a scroll of blinking
Potions
 c - a potion of ambrosia {unknown}
 e - 2 potions of berserk rage
 g - 4 potions of agility
 i - 3 potions of invisibility
 l - 6 potions of curing
 o - 3 potions of resistance
 v - 4 potions of flight
 z - 3 potions of cancellation
 A - 3 potions of mutation {unknown}
 B - 3 potions of haste {unknown}
 C - a potion of brilliance {unknown}
 P - 2 potions of might
 V - 3 potions of heal wounds
Comestibles
 f - 12 bread rations
 m - 24 fruits
 p - a chunk of flesh
 r - 12 beef jerkies
 s - 13 meat rations
 w - 3 royal jellies
 x - 3 slices of pizza


   Skills:
 + Level 14.3 Fighting
 + Level 17.4 Long Blades
 + Level 14.2 Armour
 + Level 5.7 Dodging
 + Level 1.7 Stealth
 + Level 17.0 Shields
 + Level 0.6 Invocations
 + Level 1.1 Evocations


You had 14 spell levels left.
You didn't know any spells.

Dungeon Overview and Level Annotations

Branches:
Dungeon (15/15)            Temple (1/1) D:5            Lair (6/6) D:8
  Swamp (0/4) Lair:4        Snake (0/4) Lair:3        Slime (0/5) Lair:6
    Orc (2/2) D:12            Elf (0/3) Orc:2        Vaults (0/5) D:13
 Depths (0/5) D:15

Altars:
Ashenzari
Cheibriados
Dithmenos
Elyvilon
Fedhas
Gozag
Hepliaklqana
Kikubaaqudgha
Makhleb
Nemelex Xobeh
Okawaru
Qazlal
Ru
Sif Muna
Trog
Uskayaw
Vehumet
Xom
Yredelemnul
Zin
The Shining One
Beogh
Jiyva

Shops:
D:5 %   D:11 :   D:14 %   D:15 =

Portals:
Trove: D:10 (give +8 demon blade)


Innate Abilities, Weirdness & Mutations

You reflexively headbutt those who attack you in melee.
You have a pair of horns on your head.


Message History

Unknown command.
You are too berserk!
You block the orc priest's attack.
Items here: )) [ † a war axe; a leather armour; a war axe; an orc corpse You feel a strong urge to attack something.
The orc warrior throws a tomahawk.
You block the tomahawk.
The orc priest invokes the aid of Beogh against you.
Beogh smites you!
* * * LOW HITPOINT WARNING * * *
You feel your anger subside.
You are no longer berserk.
You pass out from exhaustion.
You feel yourself slow down.
The orc priest calls down the wrath of Beogh upon you.
Beogh smites you!
* * * LOW HITPOINT WARNING * * *
The orc hits you but does no damage.
The orc priest invokes the aid of Beogh against you.
Beogh smites you!
You die... ......##### ......### ## ........## .### .........# ...## ........## #...# o.# .....#...#### ..$# oo..

...##..8...8# #..#######o..#
...####.....###..#....o.o...
.#.## #.._..'##.@#...o......
....# #.....###.oOooooo.....
...####8...8###....o.)......
...#.#########.....oo)......
#...### ##......oo......
#.....#######.......o.......
##....................o.....
##.........................
##.......≈.≈.≈.........o..


You could see an orc sorcerer, 3 orc warriors, an ogre, 4 orc priests and 5
orcs.

Vanquished Creatures
  Rupert (Lair:5)
  A frost giant (D:15)
  Louise (D:14)
  Nessos (D:13)
  Azrael (D:13)
  A red draconian (Abyss:2)
  Snorg (Orc:2)
  A minotaur (Lab)
  The ghost of raetorn the Blocker, a journeyman FoFi of Ru (D:13)
  Josephine (Lair:6)
  A fire dragon (Lair:6)
  5 hydras
  5 centaur warriors
  5 death yaks (Lair:5)
  4 thrashing horrors (Abyss:2)
  A tengu warrior (D:13)
  4 hell hogs (Abyss:3)
  Sonja (Orc:2)
  A wretched star (Abyss:2)
  An unseen horror (Abyss:2)
  8 hill giants
  A lindwurm (Lair:6)
  An orc knight (Orc:2)
  A necromancer (D:13)
  A harpy (shapeshifter) (D:14)
  An orc sorcerer (Orc:2)
  An ugly thing (D:13)
  7 elephants
  5 cyclopes
  10 black mambas
  An apocalypse crab (Abyss:2)
  3 molten gargoyles (Lair:6)
  A gargoyle (D:15)
  12 komodo dragons
  A rime drake (Lair:5)
  10 spiny frogs
  A yaktaur (D:15)
  An ancient zyme (Abyss:2)
  A kobold demonologist (D:8)
  2 efreet
  A tengu conjurer (D:15)
  9 trolls
  2 polar bears
  3 meliai (D:14)
  The ghost of Mercurio the Slasher, an amateur DsGl (D:5)
  4 slime creatures (D:12)
  A harpy skeleton (D:15)
  2 hippogriffs
  Grinder (D:4)
  3 two-headed ogres
  3 blink frogs (Lair:4)
  11 dream sheep
  A meliai zombie (D:14)
  2 starcursed masses (Abyss:2)
  A shadow (Abyss:2)
  A redback (Lab)
  4 water elementals (D:12)
  2 large abominations (Abyss:2)
  A wyvern (shapeshifter) (D:13)
  5 wyverns
  7 wraiths
  22 yaks
  5 basilisks
  A steam dragon (D:15)
  3 hungry ghosts
  A chaos spawn (Abyss:2)
  5 vampire mosquitoes
  Menkaure (D:4)
  4 insubstantial wisps (Abyss:2)
  3 mottled dragons
  A soldier ant (D:14)
  3 nagas (Lair:3)
  Edmund (D:5)
  6 swamp worms (Lair:4)
  8 hell hounds
  10 water moccasins
  5 porcupines
  18 orc warriors
  Duvessa (D:5)
  A black bear (D:11)
  2 phantoms (D:13)
  2 eyes of draining (D:14)
  5 ice beasts
  3 sky beasts
  10 ogres
  3 necrophages
  14 centaurs
  11 crocodiles
  2 small abominations (Abyss:2)
  2 big kobolds
  11 bullfrogs
  2 gnoll sergeants
  A wyvern zombie (D:14)
  Dowan (D:5)
  3 scorpions
  4 wights (D:8)
  A howler monkey (D:8)
  4 electric eels
  A vampire bat (Lair:2)
  5 centaur zombies
  A bullfrog zombie (D:8)
  6 lava snakes
  11 crimson imps
  A quasit (D:13)
  6 jellies
  6 hounds
  26 orc priests
  5 centaur skeletons
  2 iguanas (D:12)
  Terence (D:2)
  5 bullfrog skeletons
  24 orc wizards
  17 worker ants
  A hound skeleton (D:4)
  A howler monkey zombie (D:5)
  Robin (D:3)
  2 worker ant zombies
  12 adders
  7 gnolls
  4 shadow imps
  An adder skeleton (D:6)
  An adder zombie (D:5)
  3 worms
  A dart slug (D:1)
  4 leopard geckos
  77 orcs
  19 bats
  6 giant cockroaches
  10 hobgoblins
  12 jackals
  3 quokkas
  A ball python (D:1)
  5 frilled lizards
  16 goblins
  A jackal skeleton (D:6)
  13 kobolds
  A quokka zombie (D:5)
  14 rats
  A plant (Lair:4)
686 creatures vanquished.

Vanquished Creatures (others)
  An orc (Orc:2)
  5 fungi
  3 plants
9 creatures vanquished.

Grand Total: 695 creatures vanquished

Notes
Turn   | Place    | Note
-------+----------+-------------------------------------------
     0 | D:1      | Peloso the Minotaur Fighter began the quest for the Orb.
     0 | D:1      | Reached XP level 1. HP: 19/19 MP: 0/0
   186 | D:1      | Reached XP level 2. HP: 27/27 MP: 1/1
   538 | D:1      | You fall through a shaft!
   626 | D:2      | Reached XP level 3. HP: 31/33 MP: 2/2
   675 | D:2      | Noticed Terence
   687 | D:2      | Killed Terence
   960 | D:2      | Reached XP level 4. HP: 40/40 MP: 3/3
  1524 | D:3      | Found a faded altar of an unknown god.
  1555 | D:3      | Noticed Robin
  1642 | D:3      | Reached XP level 5. HP: 15/47 MP: 4/4
  1647 | D:3      | Reached skill level 1 in Dodging
  1653 | D:3      | Killed Robin
  2353 | D:4      | Reached skill level 5 in Long Blades
  2353 | D:4      | Reached XP level 6. HP: 53/53 MP: 5/5
  2434 | D:4      | Noticed Grinder
  2457 | D:4      | Killed Grinder
  2457 | D:4      | Reached skill level 5 in Armour
  2672 | D:4      | Noticed Menkaure
  2680 | D:4      | Killed Menkaure
  2680 | D:4      | Reached skill level 5 in Fighting
  2680 | D:4      | Reached skill level 5 in Shields
  2680 | D:4      | Reached XP level 7. HP: 61/61 MP: 6/6
  3050 | D:5      | Entered Level 5 of the Dungeon
  3169 | D:5      | Found a staircase to the Ecumenical Temple.
  3176 | D:5      | Noticed Mercurio's ghost (amateur DsGl)
  3182 | D:5      | Noticed Duvessa
  3202 | D:5      | Noticed Edmund
  3229 | D:5      | Killed Edmund
  3241 | D:5      | Killed Mercurio's ghost
  3241 | D:5      | Reached XP level 8. HP: 56/70 MP: 7/7
  3310 | D:5      | Found Viren's Food Shop.
  3477 | Temple   | Entered the Ecumenical Temple
  3529 | Temple   | Became a worshipper of Warmaster Okawaru
  3685 | D:5      | Noticed Dowan
  3699 | D:5      | Killed Duvessa
  3700 | D:5      | Killed Dowan
  4077 | D:6      | Reached * piety under Okawaru
  4453 | D:6      | Reached XP level 9. HP: 59/78 MP: 8/8
  4652 | D:7      | Got a bloodstained falchion
  4653 | D:7      | Identified the +5 falchion of Yredelemnul's Favour {slice, Int+3} (You found it on level 7 of the Dungeon)
  5460 | D:8      | Reached skill level 10 in Long Blades
  5482 | D:8      | Noticed a cyclops
  5493 | D:8      | Noticed a hill giant
  5493 | D:8      | Reached ** piety under Okawaru
  5500 | D:8      | Noticed a kobold demonologist
  5503 | D:8      | Killed a cyclops
  5512 | D:8      | Noticed a hellwing
  5512 | D:8      | Killed a hill giant
  5514 | D:8      | Noticed an orange demon
  5583 | D:8      | Noticed a soul eater
  5585 | D:8      | Noticed a rust devil
  5585 | D:8      | Killed a kobold demonologist
  5585 | D:8      | Reached *** piety under Okawaru
  5625 | D:8      | Noticed a hill giant
  5633 | D:8      | Killed a hill giant
  5633 | D:8      | Reached XP level 10. HP: 88/88 MP: 9/9
  5879 | D:8      | Found a shadowy altar of Dithmenos.
  6115 | D:8      | Found a staircase to the Lair.
  6135 | D:8      | Reached **** piety under Okawaru
  6518 | D:9      | Reached ***** piety under Okawaru
  6888 | D:10     | Entered Level 10 of the Dungeon
  7094 | D:10     | Reached skill level 10 in Shields
  7094 | D:10     | Reached XP level 11. HP: 95/95 MP: 10/10
  7111 | D:10     | Received a gift from Okawaru
  7116 | D:10     | Got a bloodstained demon blade {god gift}
  7117 | D:10     | Identified the +4 demon blade "Umyim" {flame, *Rage rPois Str+4 Int+10} (Okawaru gifted it to you on level 10 of the Dungeon)
  7219 | D:10     | Found a portal to a secret trove of treasure.
  7767 | Lair:1   | Entered Level 1 of the Lair of Beasts
  7799 | Lair:1   | Found a labyrinth entrance.
  7818 | Lab      | Entered a labyrinth
  8002 | Lab      | Noticed a minotaur
  8010 | Lab      | Killed a minotaur
  8010 | Lab      | Reached skill level 1 in Stealth
  8031 | Lab      | Got a shimmering hand crossbow
  8668 | Lair:2   | Reached skill level 10 in Armour
  9110 | Lair:2   | Received a gift from Okawaru
  9511 | Lair:3   | Found a staircase to the Snake Pit.
  9896 | Lair:3   | Noticed an eight-headed hydra
  9900 | Lair:3   | Killed a four-headed hydra
 10055 | Lair:4   | Reached skill level 10 in Fighting
 10156 | Lair:4   | Found a staircase to the Swamp.
 10169 | Lair:4   | Reached XP level 12. HP: 106/106 MP: 11/11
 11416 | Lair:5   | Noticed Rupert
 11416 | Lair:5   | Paralysed by Rupert for 5 turns
 11435 | Lair:5   | Killed Rupert
 11435 | Lair:5   | Reached ****** piety under Okawaru
 11435 | Lair:5   | Received a gift from Okawaru
 11435 | Lair:5   | Reached skill level 15 in Long Blades
 11854 | Lair:5   | Noticed a death yak
 11855 | Lair:5   | Noticed a death yak
 11855 | Lair:5   | Noticed a death yak
 11856 | Lair:5   | Noticed a death yak
 11856 | Lair:5   | Noticed a death yak
 11872 | Lair:5   | Killed a death yak
 11872 | Lair:5   | Reached XP level 13. HP: 101/116 MP: 12/12
 11893 | Lair:5   | Received a gift from Okawaru
 11902 | Lair:5   | Got a transparent triple sword {god gift}
 11911 | Lair:5   | Identified the +6 triple sword "Xovvodd" {slice, rN+ Int+5 Dex-2} (Okawaru gifted it to you on level 5 of the Lair of Beasts)
 12029 | Lair:6   | Entered Level 6 of the Lair of Beasts
 12066 | Lair:6   | Noticed Josephine
 12085 | Lair:6   | Killed Josephine
 12355 | Lair:6   | Got a sparkling jade amulet
 12356 | Lair:6   | Identified the amulet "Ufadis" {Regen+ Slay+3} (You found it on level 6 of the Lair of Beasts)
 12513 | Lair:6   | Found a viscous altar of Jiyva.
 12514 | Lair:6   | Found a staircase to the Slime Pits.
 12620 | Lair:6   | Found a large runed door.
 12620 | Lair:6   | Noticed a fire dragon
 12621 | Lair:6   | Found a large runed door.
 12642 | Lair:6   | Received a gift from Okawaru
 12864 | Lair:6   | Killed a fire dragon
 12889 | Lair:6   | Identified Luifef's Handbook of Attacks
 13795 | D:11     | Found Obisamax's Book Shop.
 14489 | D:11     | Got a bloodstained chain mail
 14500 | D:11     | Identified the cursed +1 chain mail "Lylyhash" {rF+} (You found it on level 11 of the Dungeon)
 14579 | D:11     | Reached XP level 14. HP: 129/129 MP: 13/13
 15336 | D:12     | Found a staircase to the Orcish Mines.
 15635 | D:12     | Received a gift from Okawaru
 15883 | D:13     | Noticed raetorn's ghost (journeyman FoFi)
 15888 | D:13     | Killed raetorn's ghost
 15888 | D:13     | Reached skill level 5 in Dodging
 15940 | D:13     | Noticed Azrael
 15951 | D:13     | Killed Azrael
 15954 | D:13     | Reached skill level 15 in Shields
 15960 | D:13     | Noticed Nessos
 15991 | D:13     | Killed Nessos
 16140 | D:13     | Found a gate to the Vaults.
 16783 | D:14     | Noticed Louise
 16787 | D:14     | Cast into level 3 of the Abyss (Louise)
 16882 | D:14     | Escaped the Abyss
 16905 | D:14     | Killed Louise
 16905 | D:14     | Reached skill level 1 in Evocations
 17299 | D:14     | You fall through a shaft!
 17299 | D:15     | Entered Level 15 of the Dungeon
 17740 | D:14     | Found Yfoiffof's Food Boutique.
 17932 | D:15     | Found a blossoming altar of Fedhas.
 17971 | D:15     | Found Xexaibe's Jewellery Emporium.
 18304 | D:15     | Found a staircase to the Depths.
 18304 | D:15     | Noticed a frost giant
 18309 | D:15     | Killed a frost giant
 18309 | D:15     | Received a gift from Okawaru
 18329 | D:15     | Got a brightly glowing great sword {god gift}
 18366 | D:15     | Reached XP level 15. HP: 75/138 MP: 14/14
 19284 | Orc:1    | Entered Level 1 of the Orcish Mines
 19351 | Orc:2    | Entered Level 2 of the Orcish Mines
 19869 | Orc:2    | Noticed Sonja
 19877 | Orc:2    | Cast into level 2 of the Abyss (Sonja)
 20147 | Abyss:2  | Received a gift from Okawaru
 20273 | Orc:2    | Escaped the Abyss
 20284 | Orc:2    | Killed Sonja
 20339 | Orc:2    | Found a roughly hewn altar of Beogh.
 20378 | Orc:2    | Found a staircase to the Elven Halls.
 20378 | Orc:2    | Noticed Snorg
 20386 | Orc:2    | Killed Snorg
 20413 | Orc:2    | HP: 1/139 [orc priest/divine providence (9)]
 20415 | Orc:2    | Killed from afar by an orc priest

Skill      XL: |  1  2  3  4  5  6  7  8  9 10 11 12 13 14 15 |
---------------+----------------------------------------------+-----
Fighting       | 4 5 6 7 8 10 11 13 14 | 14.3
Armour         | 4 5 6 8 9 10 12 13 14 | 14.2
Shields        | 4 5 6 8 10 11 13 14 16 17 | 17.0
Long Blades    | 3 4 5 6 7 9 11 12 14 15 16 17 | 17.4
Dodging        | 1 2 3 4 5 |  5.7
Stealth        | 1 |  1.7
Evocations     | 1 |  1.1
Invocations    | |  0.6

Action                   |  1- 3 |  4- 6 |  7- 9 | 10-12 | 13-15 || total
-------------------------+-------+-------+-------+-------+-------++-------
Melee: Long sword        |    65 |   156 |   192 |       |       ||   413
       Headbutt          |     9 |    22 |    62 |   152 |   241 ||   486
       Falchion          |       |       |    99 |   203 |       ||   302
       Demon blade       |       |       |       |   347 |   867 ||  1214
Invok: Heroism           |       |       |       |     1 |     1 ||     2
Evoke: Wand              |       |       |       |       |     6 ||     6
  Use: Potion            |       |     1 |     1 |     1 |       ||     3
       Scroll            |       |     6 |     4 |     8 |    10 ||    28
  Eat: Chunk             |       |     6 |     9 |    21 |    28 ||    64
       Fruit             |       |       |     1 |     1 |       ||     2
Armor: Scale mail        |    27 |    63 |    58 |       |       ||   148
       Plate armour      |       |       |    64 |   181 |   215 ||   460
       Chain mail        |       |       |       |       |   114 ||   114
Dodge: Dodged            |    16 |    36 |    76 |   152 |   193 ||   473
Block: Shield            |    35 |    76 |   154 |   268 |   283 ||   816
       Large shield      |       |       |       |       |   401 ||   401
       Buckler           |       |       |       |       |    16 ||    16
       Rpst.: Long sword |     2 |     6 |    10 |       |       ||    18
       Falchion          |       |       |     5 |     7 |       ||    12
       Demon blade       |       |       |       |    25 |    43 ||    68
